 Dungeon Crawl Stone Soup version 0.30-a0-137-gd8773701ce (webtiles) character file.

Game seed: 2985323200632939262

79 jlumianski the Chopper (level 4, -2/27 HPs)
             Began as a Gargoyle Gladiator on Sept 21, 2022.
             Killed from afar by Terence (11 damage)
             ... with a bolt of dispelling energy
             ... on level 2 of the Dungeon.
             The game lasted 00:05:38 (2085 turns).

jlumianski the Chopper (Gargoyle Gladiator)         Turns: 2085, Time: 00:05:38

Health: -2/27      AC: 11    Str: 19    XL:     4   Next: 38%
Magic:  4/4        EV: 10    Int:  9    God:
Gold:   91         SH:  0    Dex: 11    Spells: 3/3 levels left

rFire   . . .      SeeInvis .    a - +0 war axe
rCold   . . .      Faith    .    (no shield)
rNeg    + . .      Spirit   .    g - +0 scale mail
rPois   ∞          Reflect  .    c - +0 helmet
rElec   +          Harm     .    r - +0 cloak
rCorr   .          Rampage  .    (no gloves)
Will    .....                    (no boots)
Stlth   ..........               (no amulet)
HPRegen 0.09/turn                (no ring)
MPRegen 0.09/turn                (no ring)

@: no status effects
A: sickness immunity, AC +3, negative energy resistance 1, electricity
resistance, torment resistance 1, petrification resistance
a: no special abilities


You were on level 2 of the Dungeon.
You visited 1 branch of the dungeon, and saw 3 of its levels.

You collected 91 gold pieces.

Inventory:

Hand Weapons
 a - a +0 war axe (weapon)
Missiles
 d - 3 throwing nets
 e - a javelin
 f - 6 boomerangs (quivered)
Armour
 b - a +0 leather armour
 c - a +0 helmet (worn)
 g - a +0 scale mail (worn)
 r - a +0 cloak (worn)
Wands
 t - a wand of polymorph (11)
Scrolls
 h - a scroll of teleportation
 i - 2 scrolls of summoning
 n - a scroll of enchant armour {unknown}
 p - 3 scrolls of silence {unknown}
Potions
 j - a potion of lignification
 k - a potion of curing {unknown}
 l - a potion of invisibility {unknown}
 m - 2 potions of degeneration {unknown}
 o - 2 potions of heal wounds {unknown}
 q - a potion of magic {unknown}
 s - 2 potions of mutation {unknown}


   Skills:
 + Level 2.6 Fighting
 + Level 3.8 Axes
 + Level 1.8 Throwing
 + Level 0.4 Armour
 + Level 3.0 Dodging


You had 3 spell levels left.
You didn't know any spells.
Your spell library was empty.

Dungeon Overview and Level Annotations

Branches:
Dungeon (3/15)

Altars:
The Shining One

Shops:
D:2 =

Annotations:
D:2 1 runed translucent door, Crazy Yiuf, Terence
D:3 Natasha


Innate Abilities, Weirdness & Mutations

You are immune to sickness and miasma.
Your stone body is resilient. (AC +3)
You are immune to poison.
You resist negative energy. (rN+)
You are resistant to electric shocks. (rElec)
You are resistant to unholy torment.
You are immune to petrification.


Message History

There is an escape hatch in the ceiling here.
You see here a +0 ring mail.
A dart slug comes into view.
The dart slug launches a dart at you. The slug dart misses you.
The dart slug launches a dart at you.
The slug dart hits you but does no damage.
The dart slug launches a dart at you.
The slug dart hits you but does no damage.
You slash the dart slug!
You kill the dart slug!
You see here a dart slug corpse.
Found a dagger.
Terence zaps a wand.
The bolt of dispelling energy misses you.
You hit Terence.
Terence is lightly wounded.
Terence hits you with a +0 short sword.
You hit Terence but do no damage.
Terence is lightly wounded.
Terence zaps a wand.
The bolt of dispelling energy hits you!
Ouch! That really hurt!
Terence hits you with a +0 short sword.
You barely miss Terence.
Terence is lightly wounded.
Terence hits you with a +0 short sword.
* * * LOW HITPOINT WARNING * * *
You slash Terence!
Terence is severely wounded.
Terence hits you but does no damage.
You closely miss Terence.
Terence is severely wounded.
Terence hits you but does no damage. Terence barely misses you.
You hit Terence.
Terence is almost dead.
Terence hits you but does no damage.
You hit Terence but do no damage.
Terence is almost dead.
Terence zaps a wand.
The bolt of dispelling energy hits you!
You die...

#...<#.♣.....♣P.# #.....
########.♣♣..P♣♣..###### #..###
#. +.♣♣PPP♣........# ##.#..
#.♣♣####..P♣♣♣♣.P......######.#..
♣♣P....'..P.♣♣P..+.....'..)[>.#..
♣..♣####.......###.....#####..'..
.PP♣ ##'##.....#.....# #..#..
P.♣# #♣♣♣♣♣♣♣.#.....# #..#.. P.♣
####♣♣.P.♣♣.@@...### #..#.. ♣♣♣
#...♣...P♣.♣###### #..###
..♣##)..♣.♣....♣ #.....
.♣..#....P♣P..♣♣#........# #.....
.♣#.....♣♣♣♣♣♣♣ #........# #.####
..#........#.# #........# #.#
#..........#.# #........# #.#
####....#....# #........# #.#
####.######### #........# #.####


You could see Terence.

Vanquished Creatures
  Jessica (D:2)
  An adder (D:1)
  2 dart slugs
  A worm (D:2)
  3 endoplasms
  2 giant cockroaches (D:1)
  10 hobgoblins
  A jackal (D:1)
  2 ball pythons (D:1)
  4 bats
  4 frilled lizards
  3 goblins (D:1)
  2 rats (D:1)
36 creatures vanquished.

Vanquished Creatures (others)
  A fungus (D:2)
  5 plants (D:2)
6 creatures vanquished.

Grand Total: 42 creatures vanquished

Notes
Turn   | Place    | Note
-------+----------+-------------------------------------------
     0 | D:1      | jlumianski the Gargoyle Gladiator began the quest for the
                  | Orb.
     0 | D:1      | Reached XP level 1. HP: 12/12 MP: 1/1
   239 | D:1      | Reached XP level 2. HP: 6/17 MP: 2/2
   745 | D:1      | Reached XP level 3. HP: 19/22 MP: 3/3
  1136 | D:2      | Noticed Terence
  1249 | D:2      | Found a glowing golden altar of the Shining One.
  1373 | D:3      | Noticed Natasha
  1410 | D:2      | Found a runed translucent door.
  1411 | D:2      | Noticed Crazy Yiuf
  1487 | D:2      | Noticed Jessica
  1498 | D:2      | Killed Jessica
  1499 | D:2      | Reached XP level 4. HP: 18/27 MP: 4/4
  1534 | D:2      | Found a faded altar of an unknown god.
  1816 | D:2      | Found Afoss's Jewellery Shop.
  2085 | D:2      | Killed from afar by Terence

Illustrated notes

Levels and vault maps discovered:
D:1:      lemuel_arrival_cross, layout_rooms, minivault_5, minmay_quantized
D:2:      layout_basic, hellmonk_ecumenical_altar_inner_sanctum, serial_forest,
          infiniplex_forest_straight_2, infiniplex_forest_lined_3,
          infiniplex_forest_join, infiniplex_forest_clump_medium,
          infiniplex_forest_zigzag_2, infiniplex_forest_clump_curved,
          infiniplex_forest_straight_5, infiniplex_forest_clump_C, serial_shops,
          nicolae_shop_trees, basic_altar, minmay_rat_hole,
          uniq_crazy_yiuf_cottage, uniq_jessica, uniq_terence
D:3:      layout_loops_ring, uniq_natasha

Skill      XL: |  1  2  3 |
---------------+----------+-----
Axes           | 3 |  3.8
Dodging        | 3 |  3.0
Fighting       | |  2.6
Throwing       | |  1.8
Armour         | |  0.4

Action                   |  1- 3 |  4- 6 || total
-------------------------+-------+-------++-------
Melee: War axe           |   101 |    41 ||   142
       Punch             |       |     1 ||     1
  Use: Scroll            |     3 |       ||     3
Armor: Leather armour    |     9 |       ||     9
       Scale mail        |    64 |    20 ||    84
Dodge: Dodged            |    75 |    18 ||    93

Table legend: (Time is in decaauts)
 A = Elapsed time spent in this place.
 B = Non-inter-level travel time spent in this place.
 C = Inter-level travel time spent in this place.
 D = Time resting spent in this place.
 E = Time spent auto-exploring this place.
 F = Levels seen in this place.
 G = Mean time per level.
                   A        B        C        D        E       F      G
               +--------+--------+--------+--------+--------+-----+--------+
         Total |   2135 |   2114 |     21 |    264 |   1115 |   3 |  711.7 |
       Dungeon |   2135 |   2114 |     21 |    264 |   1115 |   3 |  711.7 |
               +--------+--------+--------+--------+--------+-----+--------+

Top non-repeatable levels by time:
     D:1: 1195 daAuts
     D:2: 934 daAuts
     D:3: 5 daAuts
